 Dungeon Crawl Stone Soup version 0.18-a0-1406-gf4880ca (webtiles) character file.

2004 sugabear the Ducker (level 9, -26/65 HPs)
             Began as a Demonspawn Transmuter on Feb 24, 2016.
             Was a Priest of Qazlal.
             Killed from afar by GoodGuyCap's ghost (31 damage)
             ... with a bolt of negative energy
             ... on level 6 of the Dungeon.
             The game lasted 00:12:37 (5901 turns).

sugabear the Ducker (Demonspawn Transmuter)         Turns: 5901, Time: 00:12:37

Health: -26/65     AC:  7    Str: 11    XL:     9   Next: 2%
Magic:  8/14       EV: 13    Int: 18    God:    Qazlal [***...]
Gold:   326        SH:  3    Dex: 13    Spells: 1 memorised, 14 levels left

rFire  . . .     SeeInvis .       - Unarmed
rCold  . . .     Gourm    .     b - +0 robe
rNeg   . . .     Faith    .     (no shield)
rPois  .         Spirit   .     (no helmet)
rElec  .         Dismiss  .     w - +2 cloak
rCorr  .         Reflect  .     (no gloves)
SustAt .         Harm     .     f - +0 pair of boots
MR     .....                    (no amulet)
Stlth  +.........               (no ring)
                                j - ring of flight

@: appendage, heavily drained, not resistant to hostile enchantments, very
unstealthy
A: claws 1, horns 2, molten scales 1, powered by death 1, spiny 2
a: End Transformation, Upheaval, Elemental Force, Renounce Religion, Evoke
Flight


You were on level 6 of the Dungeon.
You worshipped Qazlal.
Qazlal was most pleased with you.
You were not hungry.
You had grown temporary horns.
You visited 1 branch of the dungeon, and saw 8 of its levels.

You collected 326 gold pieces.

Inventory:

Hand Weapons
 a - a +0 shortbow of flaming
Missiles
 m - 5 tomahawks (quivered)
 r - 119 arrows
 G - 8 arrows of frost
Armour
 b - a +0 robe (worn)
 f - a +0 pair of boots (worn)
 w - a +2 cloak (worn)
 C - a +2 leather armour of poison resistance
Jewellery
 j - a ring of flight (left claw)
 q - an uncursed ring of magical power {unknown}
 A - an uncursed ring of protection from magic {unknown}
Scrolls
 e - 4 scrolls of blinking {unknown}
 g - 3 scrolls of amnesia {unknown}
 h - 3 scrolls of magic mapping {unknown}
 k - 8 scrolls of identify {unknown}
 l - 3 scrolls of teleportation {unknown}
 t - 5 scrolls of remove curse {unknown}
 y - 3 scrolls of recharging {unknown}
 H - a scroll of enchant armour {unknown}
 I - a scroll of fear {unknown}
Potions
 n - 2 potions of heal wounds {unknown}
 o - a potion of curing {unknown}
 p - a potion of berserk rage {unknown}
 u - 2 potions of haste {unknown}
 v - 2 potions of invisibility {unknown}
 x - a potion of lignification {unknown}
 z - a potion of might {unknown}
 D - 2 potions of mutation {unknown}
 E - a potion of degeneration {unknown}
 K - a potion of agility {unknown}
Books
 c - a book of Changes

   Spells                             Type                      Level
   a - Beastly Appendage              Transmutation                1
   b - Sticks to Snakes               Transmutation                2
   c - Spider Form                    Transmutation/Poison         3
   d - Ice Form                       Ice/Transmutation            4
   e - Blade Hands                    Transmutation                5
Comestibles
 d - 6 bread rations
 i - 5 meat rations
 B - 7 fruits
 J - a beef jerky


   Skills:
 + Level 3.8(2.0) Fighting
   Level 3.8(2.0) Slings
 + Level 1.0(0.0) Bows
 + Level 5.9(4.0) Dodging
 + Level 5.2(3.3) Unarmed Combat
 + Level 3.6(1.8) Spellcasting
 + Level 3.4(1.6) Transmutations
 * Level 4.8(3.0) Invocations


You had 14 spell levels left.
You knew the following spells:

 Your Spells              Type           Power        Failure   Level  Hunger
a - Beastly Appendage     Trmt           #.....       12%         1    #......


Dungeon Overview and Level Annotations

Branches:
Dungeon (8/15)
 Temple: D:4-7         Lair: D:8-11

Altars:
Ashenzari
Cheibriados
Dithmenos
Elyvilon
Kikubaaqudgha
Qazlal
Xom
Yredelemnul
Zin
The Shining One

Annotations:
D:6 GoodGuyCap's ghost, novice DrCj


Innate Abilities, Weirdness & Mutations

You have sharp fingernails.
You are partially covered in molten scales (AC +1).
You regenerate a little health from kills.
You are mostly covered in sharp spines.
You have a pair of horns on your head.


Message History

The magic dart hits you!
You closely miss GoodGuyCap's ghost. GoodGuyCap's ghost barely misses you.
You scratch GoodGuyCap's ghost but do no damage.
Your headbutt misses GoodGuyCap's ghost.
GoodGuyCap's ghost says, "I have plenty of time to study, now."
GoodGuyCap's ghost breathes negative energy at you.
The bolt of negative energy hits you!
You feel drained.
Ouch! That really hurt!
* * * LOW HITPOINT WARNING * * *
GoodGuyCap's ghost points at you and mumbles some strange words.
The spray of energy misses you.
Read which item? (? for menu, Esc to quit)
Okay, then.
Clouds arounds you coalesce and take form!
Your fire elemental closely misses GoodGuyCap's ghost.
GoodGuyCap's ghost breathes negative energy at you.
The bolt of negative energy hits your fire elemental.
Your fire elemental completely resists.
The bolt of negative energy hits you!
You feel drained.
You die...

##......†.....#
#.##########.#
#.# .# ######.#
.# #....#.# .#
# #....'.# ## #
#....#.# #
#....######## #
#(.E@'....... #
#.W..######## #
#.#### #..#
##.# ... ≈....
#≈≈..## ≈≈≈..#


You could see GoodGuyCap's ghost and a friendly fire elemental.

Vanquished Creatures
  Grinder (D:5)
  A hungry ghost (D:7)
  An ice beast (D:6)
  An ogre (D:4)
  2 centaurs
  2 giant frogs
  A scorpion (D:6)
  3 vampire bats (D:2)
  A centaur zombie (D:5)
  A quasit (D:6)
  A centaur skeleton (D:6)
  4 hounds
  5 orc priests
  Ijyb (D:3)
  An iguana (D:5)
  Terence (D:2)
  4 orc wizards
  9 worker ants
  2 howler monkey zombies
  3 gnolls (D:4)
  8 adders
  A shadow imp (D:6)
  An ooze (D:1)
  An adder zombie (D:6)
  An adder skeleton (D:5)
  4 worms
  A dart slug (D:1)
  5 giant geckos
  25 orcs
  2 bat skeletons (D:2)
  3 bat zombies (D:2)
  A giant cockroach (D:5)
  15 goblins
  12 hobgoblins
  7 jackals
  A ball python (D:3)
  7 bats
  A giant gecko skeleton (D:4)
  7 giant newts
  A jackal skeleton (D:6)
  A jackal zombie (D:5)
  14 kobolds
  A quokka skeleton (D:4)
  A quokka zombie (D:6)
  6 rats
172 creatures vanquished.

Notes
Turn   | Place    | Note
--------------------------------------------------------------
     0 | D:1      | sugabear the Demonspawn Transmuter began the quest for the Orb.
     0 | D:1      | Reached XP level 1. HP: 15/15 MP: 3/3
   300 | D:1      | Gained mutation: You are partially covered in sharp spines. [demonic ancestry]
   300 | D:1      | Reached XP level 2. HP: 7/21 MP: 5/5
   672 | D:1      | Gained mutation: You are partially covered in molten scales (AC +1). [demonic ancestry]
   672 | D:1      | Reached XP level 3. HP: 26/26 MP: 6/6
  1664 | D:2      | Noticed Terence
  1683 | D:2      | Killed Terence
  1683 | D:2      | Reached XP level 4. HP: 20/32 MP: 5/7
  1826 | D:2      | Reached XP level 5. HP: 33/38 MP: 8/8
  1827 | D:2      | Found an ancient bone altar of Kikubaaqudgha.
  1832 | D:2      | Reached skill level 1 in Slings
  2044 | D:3      | Found a stormy altar of Qazlal.
  2152 | D:3      | Became a worshipper of Qazlal Stormbringer
  2178 | D:3      | Found a glowing golden altar of the Shining One.
  2209 | D:3      | Found a basalt altar of Yredelemnul.
  2211 | D:3      | Noticed a profane servitor
  2458 | D:3      | Noticed Ijyb
  2468 | D:3      | Killed Ijyb
  2704 | D:3      | Found a snail-covered altar of Cheibriados.
  2716 | D:3      | Gained mutation: You regenerate a little health from kills. [demonic ancestry]
  2716 | D:3      | Reached XP level 6. HP: 39/44 MP: 9/9
  2809 | D:3      | Noticed an angel
  2994 | D:4      | Reached skill level 1 in Invocations
  3068 | D:4      | Found a shimmering altar of Xom.
  3069 | D:4      | Found a glowing silver altar of Zin.
  3069 | D:4      | Noticed an angel
  3277 | D:4      | Gained mutation: You are mostly covered in sharp spines. [demonic ancestry]
  3277 | D:4      | Reached XP level 7. HP: 50/50 MP: 9/11
  3385 | D:4      | Reached * piety under Qazlal
  3494 | D:4      | Found a white marble altar of Elyvilon.
  3728 | D:4      | Reached ** piety under Qazlal
  4448 | D:5      | Entered Level 5 of the Dungeon
  4761 | D:5      | You fall through a shaft for 3 floors!
  4830 | D:7      | Noticed a hungry ghost
  4842 | D:7      | Killed a hungry ghost
  4842 | D:7      | Reached XP level 8. HP: 53/58 MP: 12/12
  4899 | D:5      | Found a shattered altar of Ashenzari.
  4922 | D:5      | Reached skill level 5 in Dodging
  4923 | D:5      | Noticed Grinder
  4923 | D:5      | Paralysed by Grinder for 4 turns
  4939 | D:5      | Killed Grinder
  4939 | D:5      | Reached *** piety under Qazlal
  5495 | D:6      | Reached skill level 5 in Unarmed Combat
  5740 | D:6      | Gained mutation: You have sharp fingernails. [demonic ancestry]
  5740 | D:6      | Reached XP level 9. HP: 65/65 MP: 14/14
  5806 | D:6      | Found a shadowy altar of Dithmenos.
  5845 | D:6      | Reached skill level 1 in Bows
  5890 | D:6      | Noticed GoodGuyCap's ghost (novice DrCj)
  5901 | D:6      | Killed from afar by GoodGuyCap's ghost

Vault maps used:
D:1:      evilmike_arrival_crescent
D:2:      kennysheep_vampire_church, first_bread, uniq_terence
D:3:      grunt_temple_overflow_holy_war, nicolae_qazlal_general_emergency,
          cheibriados_altar_1, uniq_iyjb
D:4:      corexii_shantytown, grunt_temple_overflow_order_and_chaos_1,
          elyvilon_altar_3
D:5:      serial_glass, glass_columns_b, glass_columns_a,
          cheibrodos_ashenzari_chains, uniq_grinder
D:6:      gammafunk_temple_overflow_elements, minmay_temple_entry_fiery,
          nicolae_dithmenos_through_a_glass_darkly
D:7:      nemelex_altar_shiori, uniq_joseph
D:8:      kennysheep_generic_room_11

Skill      XL: |  1  2  3  4  5  6  7  8  9 |
---------------+----------------------------+-----
Transmutations | 2 3 |  3.4
Unarmed Combat | 3 4 5 |  5.2
Dodging        | 2 3 4 5 |  5.9
Slings         | 1 2 3 |  3.8
Fighting       | 2 3 |  3.8
Invocations    | 2 3 4 |  4.8
Spellcasting   | 3 |  3.6
Bows           | 1 |  1.0

Action                   |  1- 3 |  4- 6 |  7- 9 || total
-------------------------+-------+-------+-------++-------
Melee: Unarmed           |    74 |    42 |   183 ||   299
 Fire: Hunting sling     |    10 |    81 |    20 ||   111
       Shortbow          |       |       |    36 ||    36
 Cast: Beastly Appendage |     6 |     7 |    16 ||    29
Invok: Elemental Force   |       |       |     1 ||     1
 Abil: Evoke Flight      |       |     1 |       ||     1
  Eat: Chunk             |     2 |     4 |    10 ||    16
       Beef jerky        |       |     1 |       ||     1
